 Dungeon Crawl Stone Soup version 0.29-a0-1008-g949cc1d0fb (webtiles) character file.

Game seed: 13356016576634627742

51 vurker the Shooter (level 3, -5/31 HPs)
             Began as a Minotaur Hunter on Aug 7, 2022.
             Slain by a gnoll
             ... wielding a +0 vorpal flail
              (12 damage)
             ... on level 2 of the Dungeon.
             The game lasted 00:00:47 (904 turns).

vurker the Shooter (Minotaur Hunter)                 Turns: 904, Time: 00:00:48

Health: -5/31      AC:  3    Str: 17    XL:     3   Next: 57%
Magic:  2/2        EV: 12    Int:  6    God:
Gold:   60         SH:  0    Dex: 13    Spells: 2/2 levels left

rFire   . . .      SeeInvis .   j - +3 short sword (speed)
rCold   . . .      Faith    .   (no shield)
rNeg    . . .      Spirit   .   c - +0 leather armour
rPois   .          Reflect  .   (helmet restricted)
rElec   .          Harm     .   (no cloak)
rCorr   .          Rampage  .   (no gloves)
Will    .....                   (no boots)
Stlth   +.........              (no amulet)
HPRegen 0.10/turn               (no ring)
MPRegen 0.08/turn               (no ring)

@: no status effects
A: horns 2, retaliatory headbutt
a: no special abilities


You were on level 2 of the Dungeon.
You visited 1 branch of the dungeon, and saw 2 of its levels.

You collected 60 gold pieces.

Inventory:

Hand Weapons
 a - a +0 shortbow
 j - a +3 short sword of speed (weapon)
   (You found it on level 1 of the Dungeon)
Armour
 c - a +0 leather armour (worn)
Scrolls
 b - a scroll of immolation
 f - a scroll of silence {unknown}
 g - 3 scrolls of identify {unknown}
 i - a scroll of fear {unknown}
 k - a scroll of acquirement {unknown}
Potions
 d - a potion of cancellation {unknown}
 e - 2 potions of attraction {unknown}
 h - 4 potions of curing {unknown}
 l - 2 potions of mutation {unknown}


   Skills:
 + Level 3.3 Fighting
 * Level 5.4 Ranged Weapons
 - Level 2.1 Dodging
 - Level 0.7 Stealth


You had 2 spell levels left.
You didn't know any spells.
Your spell library contained the following spells:

 Spells                   Type           Power      Damage    Failure   Level
 Stone Arrow              Conj/Erth      0%         3d7       88%         3
 Animate Armour           Summ/Erth      0%         N/A       99%         4
 Lehudib's Crystal Spear  Conj/Erth      0%         10d2      100%        8


Dungeon Overview and Level Annotations

Branches:
Dungeon (2/15)

Altars:


Innate Abilities, Weirdness & Mutations

You have a pair of horns on your head.
You reflexively headbutt those who attack you in melee.


Message History

You add the spells Stone Arrow, Animate Armour and Lehudib's Crystal Spear to your library.
Found a silvery potion.
k - a scroll labelled ZIOLAI ZISASS
h - 4 silvery potions (gained 1)
Found 6 stones.
An endoplasm comes into view.
You see here 2 bubbling ruby potions.
An endoplasm is nearby!
An endoplasm is nearby!
An endoplasm is nearby!
The helpless endoplasm fails to defend itself.
You puncture the endoplasm!
You kill the endoplasm!
You have reached level 3!
Your experience leads to an increase in your attributes!
Increase (S)trength, (I)ntelligence, or (D)exterity?
You feel stronger. x2
l - 2 bubbling ruby potions You open the door.
There is an open door here.
A gnoll comes into view. It is wielding a +0 spear.
An endoplasm comes into view.
A gnoll comes into view. It is wielding a +0 spear.
The gnoll shouts! x2
You hit the gnoll. Your headbutt misses the gnoll.
A gnoll comes into view. It is wielding a +0 vorpal flail.
The gnoll hits you with a +0 spear.
You closely miss the gnoll.
The gnoll shouts!
The gnoll misses you.
You hit the gnoll. You headbutt the gnoll. You punch the gnoll.
You closely miss the gnoll. You headbutt the gnoll.
You kill the gnoll!
A giant cockroach comes into view.
The gnoll closely misses you. You furiously retaliate!
You headbutt the gnoll. You hit the gnoll but do no damage.
The gnoll hits you with a +0 vorpal flail!
* * * LOW HITPOINT WARNING * * *
The gnoll barely misses you.
You hit the gnoll but do no damage. You headbutt the gnoll.
The endoplasm misses you. You furiously retaliate!
You headbutt the endoplasm!
You kill the endoplasm!
The gnoll hits you with a +0 spear.
* * * LOW HITPOINT WARNING * * *
The gnoll closely misses you.
You puncture the gnoll!
You kill the gnoll!
You hit the gnoll. You headbutt the gnoll.
The gnoll hits you with a +0 vorpal flail!
You die...

....... ....... .......
....... ...... .......
............. #...#.......
#...#.....# #..g).....#
##.#...@.....#
.......)......#
.....................#
............B..#.....#
...............#.....#..
...............#.....#...
...............#'##......(
...........................
............................


You could see a gnoll and a giant cockroach.

Vanquished Creatures
  2 gnolls (D:2)
  3 ball pythons (D:1)
  6 endoplasms
  A giant cockroach (D:1)
  3 hobgoblins (D:1)
  3 jackals (D:1)
  2 quokkas (D:1)
  3 bats (D:1)
  2 frilled lizards (D:1)
  A kobold (D:1)
  3 rats (D:1)
29 creatures vanquished.

Notes
Turn   | Place    | Note
-------+----------+-------------------------------------------
     0 | D:1      | vurker the Minotaur Hunter began the quest for the Orb.
     0 | D:1      | Reached XP level 1. HP: 18/18 MP: 0/0
    97 | D:1      | Reached XP level 2. HP: 17/25 MP: 1/1
   350 | D:1      | Found a faded altar of an unknown god.
   470 | D:1      | Reached skill level 5 in Ranged Weapons
   880 | D:2      | Reached XP level 3. HP: 31/31 MP: 2/2
   904 | D:2      | Slain by a gnoll

Illustrated notes

Levels and vault maps discovered:
D:1:      saegor_arrival_miasma, layout_loops_cross,
          hellmonk_ecumenical_altar_heavens_door
D:2:      layout_basic, st_stairs_7, supply_closet_lemuel

Skill      XL: |  1  2 |
---------------+-------+-----
Ranged Weapons | 5 |  5.4
Fighting       | 3 |  3.3
Dodging        | |  2.1
Stealth        | |  0.7

Action                   || total
-------------------------++-------
Melee: Short sword       ||    10
       Headbutt          ||     4
       Punch             ||     1
 Fire: Shortbow          ||    62
 Stab: Sleeping          ||     1
Armor: Leather armour    ||     9
Dodge: Dodged            ||    18

Table legend: (Time is in decaauts)
 A = Elapsed time spent in this place.
 B = Non-inter-level travel time spent in this place.
 C = Inter-level travel time spent in this place.
 D = Time resting spent in this place.
 E = Time spent auto-exploring this place.
 F = Levels seen in this place.
 G = Mean time per level.
                   A        B        C        D        E       F      G
               +--------+--------+--------+--------+--------+-----+--------+
         Total |    919 |    875 |     44 |      0 |    700 |   2 |  459.5 |
       Dungeon |    919 |    875 |     44 |      0 |    700 |   2 |  459.5 |
               +--------+--------+--------+--------+--------+-----+--------+

Top non-repeatable levels by time:
     D:1: 842 daAuts
     D:2: 77 daAuts
